 Dungeon Crawl Stone Soup version 0.26-a0-834-g69557b85cc (webtiles) character file.

Game seed: 15490501838692093364

1788 sahdkjhfkaj the Blocker (level 8, -10/69 (70) HPs)
             Began as a Minotaur Fighter on Nov 17, 2020.
             Was an Initiate of Gozag.
             Mangled by an orc warrior
             ... wielding a +0 trident
              (16 damage)
             ... in a bailey.
             The game lasted 00:06:06 (4505 turns).

sahdkjhfkaj the Blocker (Minotaur Fighter)          Turns: 4505, Time: 00:06:07

HP:   -10/69 (70)   AC:  7    Str: 29    XL:     8   Next: 82%
MP:   7/7           EV: 11    Int:  5    God:    Gozag
Gold: 257           SH: 12    Dex: 12    Spells: 7/7 levels left

rFire    + . .     SeeInvis .   a - +0 war axe
rCold    + . .     Faith    .   c - +0 kite shield
rNeg     . . .     Spirit   .   b - +0 scale mail
rPois    .         Reflect  .   (helmet restricted)
rElec    +         Harm     .   (no cloak)
rCorr    .         Rampage  .   (no gloves)
MR       .....                  (no boots)
Stlth    ..........             v - amulet of regeneration
HPRegen  0.61/turn              y - ring of protection from fire
MPRegen  0.10/turn              e - ring of Faufucet {rElec rC+ MR- Str+6 Dex+2}

@: gold aura
A: retaliatory headbutt, horns 2
a: Potion Petition, Call Merchant, Bribe Branch, Renounce Religion


You were in a bailey.
You worshipped Gozag.
Gozag was aware of your devotion.
You visited 1 branch of the dungeon, and saw 7 of its levels.
You also visited: Bailey.

You collected 369 gold pieces.
You paid 112 gold pieces to Gozag.

Inventory:

Hand Weapons
 a - a +0 war axe (weapon)
Armour
 b - a +0 scale mail (worn)
 c - a +0 kite shield (worn)
Jewellery
 e - the ring of Faufucet (right hand) {rElec rC+ MR- Str+6 Dex+2}
   (You found it on level 4 of the Dungeon)

   [ring of strength]

   It affects your strength (+6).
   It affects your dexterity (+2).
   It protects you from cold.
   It insulates you from electricity.
   It affects your resistance to hostile enchantments.
 m - an uncursed ring of see invisible
 v - an amulet of regeneration (around neck)
 y - a ring of protection from fire (left hand)
Wands
 g - a wand of flame (28)
Scrolls
 h - 3 scrolls of amnesia {!r}
 i - 3 scrolls of enchant armour {!r}
 j - 2 scrolls of magic mapping {!r}
 l - 2 scrolls of fog {!r}
 n - 3 scrolls of remove curse {!r}
 q - 4 scrolls of teleportation {!r}
 u - a scroll of enchant weapon {!r}
 w - a scroll of immolation {!r, unknown}
 z - a scroll of random uselessness {!r, unknown}
Potions
 d - a potion of might {!q}
 f - a potion of flight {!q, unknown}
 k - 4 potions of curing {!q, unknown}
 o - 2 potions of magic {!q, unknown}
 p - 3 potions of heal wounds {!q}
 r - 2 potions of brilliance {!q, unknown}
 s - a potion of haste {!q, unknown}
 t - 2 potions of lignification {!q, unknown}
 x - a potion of degeneration {!q, unknown}


   Skills:
 + Level 6.3 Fighting
 * Level 7.7 Axes
 + Level 6.4 Armour
 + Level 4.4 Dodging
 * Level 8.1 Shields


You had 7 spell levels left.
You didn't know any spells.
Your spell library contained the following spells:

 Spells                   Type           Power        Failure   Level
 Magic Dart               Conj           #...         95%         1
 Blink                    Tloc           N/A          98%         2
 Call Imp                 Summ           #.......     98%         2
 Slow                     Hex            #.......     98%         2
 Conjure Flame            Conj/Fire      #.......     100%        3
 Mephitic Cloud           Conj/Pois/Air  #.......     100%        3


Dungeon Overview and Level Annotations

Branches:
Dungeon (7/15)             Temple (0/1) D:4          Bailey (1/1)

Altars:
Gozag
Uskayaw
Wu Jian
Xom

Shops:
D:6 *


Innate Abilities, Weirdness & Mutations

You reflexively headbutt those who attack you in melee.
You have a pair of horns on your head.


Message History

The orc hits you but does no damage. You block the orc's attack.
The orc hits you from afar with a +0 halberd.
The orc hits you from afar with a +0 trident!
* * * LOW HITPOINT WARNING * * *
The orc becomes distracted by the nearby gold, dreaming of imaginary riches.
The orc warrior hits you from afar with a +0 trident!
* * * LOW HITPOINT WARNING * * *
The orc shouts!
The orc is no longer distracted by gold.
You block the orc's attack.
The orc hits you from afar with a +0 halberd!
* * * LOW HITPOINT WARNING * * *
You block the orc's attack. The orc barely misses you.
The orc warrior hits you with a +0 halberd!
* * * LOW HITPOINT WARNING * * *
The orc barely misses you. You furiously retaliate!
You headbutt the orc!
You kill the orc!
The orc warrior hits you with a +0 trident!
You die...
Your body crumbles into a pile of gold.

#######
##..∩..##
#.......#
#∩.....∩#
#.......#
#.......#
#..o....#
#..o@o..#
#.$o.$..#
#.oooo..#
#..oo...#
#.......#
##.....##
###+###
$$$


You could see 2 orc warriors and 8 orcs.

Vanquished Creatures
  3 ogres
  A necrophage (D:7)
  A phantom (D:3)
  Blork the orc (D:5)
  2 bullfrogs
  2 scorpions
  3 hounds
  2 centaur skeletons (D:6)
  2 bullfrog skeletons
  2 orc priests (D:5)
  4 orc wizards
  An iguana (D:4)
  6 worker ants
  A worker ant zombie (D:6)
  8 adders
  3 river rats (D:3)
  A shadow imp (D:5)
  A white imp (D:5)
  An ufetubus (D:6)
  An adder skeleton (D:5)
  2 worms
  2 dart slugs
  5 leopard geckos
  13 orcs
  6 giant cockroaches
  7 goblins
  8 hobgoblins
  4 jackals (D:4)
  A kobold (D:3)
  7 quokkas
  A ball python (D:3)
  10 bats
  8 frilled lizards
  A leopard gecko skeleton (D:6)
  6 rats
127 creatures vanquished.

Notes
Turn   | Place    | Note
-------+----------+-------------------------------------------
     0 | D:1      | sahdkjhfkaj the Minotaur Fighter began the quest for the
                  | Orb.
     0 | D:1      | Reached XP level 1. HP: 19/19 MP: 0/0
   312 | D:1      | Reached XP level 2. HP: 27/27 MP: 1/1
   946 | D:2      | Reached skill level 4 in Shields
  1259 | D:2      | Reached XP level 3. HP: 33/33 MP: 2/2
  1413 | D:3      | Noticed a phantom
  1433 | D:3      | Killed a phantom
  1434 | D:3      | Reached skill level 1 in Dodging
  1434 | D:3      | Reached XP level 4. HP: 29/40 MP: 3/3
  1632 | D:3      | Reached XP level 5. HP: 44/46 MP: 4/4
  1942 | D:3      | Reached skill level 5 in Shields
  2427 | D:4      | Reached XP level 6. HP: 53/53 MP: 5/5
  2508 | D:4      | Got a wavering glass ring
  2738 | D:4      | Identified the ring of Faufucet {rElec rC+ MR- Str+6 Dex+2}
                  | (You found it on level 4 of the Dungeon)
  2796 | D:4      | Reached skill level 5 in Axes
  2796 | D:4      | Reached skill level 5 in Armour
  2902 | D:4      | Found a hide-covered altar of Uskayaw.
  2970 | D:4      | Reached XP level 7. HP: 56/60 MP: 6/6
  3012 | D:4      | Reached skill level 5 in Fighting
  3026 | D:4      | Reached skill level 6 in Shields
  3031 | D:4      | Found a shimmering altar of Xom.
  3134 | D:4      | Found a staircase to the Ecumenical Temple.
  3219 | D:5      | Entered Level 5 of the Dungeon
  3226 | D:5      | Noticed Blork the orc
  3230 | D:5      | Killed Blork the orc
  3500 | D:5      | Found an ornate altar of the Wu Jian Council.
  3823 | D:6      | Reached XP level 8. HP: 66/69 MP: 7/7
  3831 | D:6      | Reached skill level 7 in Shields
  4308 | D:6      | Found an opulent altar of Gozag.
  4309 | D:6      | Found Gozag's Platinum Reserve.
  4326 | D:6      | Became a worshipper of Gozag Ym Sagoz the Greedy
  4464 | D:7      | Reached skill level 8 in Shields
  4471 | D:7      | Found a flagged portal.
  4479 | Bailey   | Entered a bailey
  4505 | Bailey   | Mangled by an orc warrior

Illustrated notes

Levels and vault maps discovered:
D:1:      lemuel_arrival_rhombus, layout_loops_ring, kennysheep_crisscross,
          hangedman_decor_clover_reticule, chequers_serial_rivers_large_b
D:2:      layout_basic
D:3:      layout_loops_ring, lightli_sewer_entry_pipes
D:4:      layout_cave_pools, kennysheep_mini, minmay_temple_entry_fiery, tgw_xom
D:5:      layout_cave_pools, nicolae_overflow_hidden_temple, uniq_blork_the_orc
D:6:      layout_cave_pools, nicolae_gozag_zags_fifth_avenue
D:7:      layout_loops_ring, yredelemnul_forgotten_temple_becter,
          nicolae_dithmenos_shadow_blocks, enter_bailey_3, serial_rivers,
          chequers_serial_rivers_room_a, chequers_serial_rivers_large_a,
          chequers_serial_rivers_small_3, chequers_serial_rivers_micro_c,
          trog_three_pillars_becter
Bailey:   bailey_polearm_5, bailey

Skill      XL: |  1  2  3  4  5  6  7  8 |
---------------+-------------------------+-----
Axes           | 3 4 5 6 7 |  7.7
Shields        | 4 5 6 8 |  8.1
Fighting       | 4 5 6 |  6.3
Armour         | 4 5 6 |  6.4
Dodging        | 1 2 3 4 |  4.4

Action                   |  1- 3 |  4- 6 |  7- 9 || total
-------------------------+-------+-------+-------++-------
Melee: War axe           |    89 |   131 |   117 ||   337
       Headbutt          |    12 |    22 |    34 ||    68
  Use: Scroll            |     2 |     5 |     1 ||     8
       Potion            |       |     1 |       ||     1
Armor: Scale mail        |    47 |    49 |    42 ||   138
Dodge: Dodged            |    28 |    48 |    51 ||   127
Block: Kite shield       |    52 |    94 |    95 ||   241

Table legend: (Time is in decaauts)
 A = Elapsed time spent in this place.
 B = Non-inter-level travel time spent in this place.
 C = Inter-level travel time spent in this place.
 D = Time resting spent in this place.
 E = Time spent auto-exploring this place.
 F = Levels seen in this place.
 G = Mean time per level.
                   A        B        C        D        E       F      G
               +--------+--------+--------+--------+--------+-----+--------+
         Total |   4701 |   4570 |    131 |    282 |   3373 |   8 |  587.6 |
       Dungeon |   4675 |   4544 |    131 |    282 |   3355 |   7 |  667.9 |
        Bailey |     26 |     26 |      0 |      0 |     18 |   1 |   26.0 |
               +--------+--------+--------+--------+--------+-----+--------+

Top non-repeatable levels by time:
     D:3: 1098 daAuts
     D:4: 868 daAuts
     D:1: 757 daAuts
     D:5: 743 daAuts
     D:2: 639 daAuts
     D:6: 539 daAuts
     D:7: 28 daAuts
  Bailey: 26 daAuts
